 Dungeon Crawl Stone Soup version 0.30-a0-1160-g6e42c06551 (webtiles) character file.

Game seed: 3230784183235982568

4 kae the Insei (level 1, 0/15 HPs)
             Began as a Demigod Transmuter on Apr 25, 2023.
             Slain by a kobold
             ... wielding a +0 whip
              (3 damage)
             ... on level 1 of the Dungeon.
             The game lasted 00:00:13 (132 turns).

kae the Insei (Demigod Transmuter)                   Turns: 132, Time: 00:00:14

Health: 0/15       AC:  2    Str: 11    XL:     1   Next: 40%
Magic:  4/5        EV: 12    Int: 15    God:
Gold:   11         SH:  0    Dex: 14    Spells: 2/3 levels left

rFire   . .          .
                       - Unarmed
rCold   . . .        (no shield)
rNeg    . . .        a - +0 robe
rPois   .            (helmet currently unavailable)
rElec   .            (no cloak)
rCorr   .            (no gloves)
SInv    .            (boots currently unavailable)
Will    .....        (no amulet)
Stlth   +            (no ring)
HPRegen 0.22/turn    (no ring)
MPRegen 0.09/turn

%: no passive effects
@: appendages (expiring)
A: horns 2, talons 2, high MP 1, forlorn, divine attributes
a: End Transformation


You were on level 1 of the Dungeon.
You had temporarily grown beastly horns and talons.
You visited 1 branch of the dungeon, and saw 1 of its levels.

You collected 11 gold pieces.


Innate Abilities, Weirdness & Mutations

You have temporarily grown beastly horns and talons.
You have an increased reservoir of magic. (+10% MP)
You shall have no god before yourself.
Your divine heritage dramatically boosts your attributes as you level up.


   Skills:
 - Level 0.8 Fighting
 - Level 1.7 Dodging
 - Level 2.6 Unarmed Combat
 + Level 1.9 Spellcasting
 + Level 1.9 Transmutations
 + Level 0.3 Poison Magic


You had 2 spell levels left.
You knew the following spells:

 Your Spells              Type           Power      Damage    Failure   Level
a - Beastly Appendage     Tmut           14%        N/A       10%         1

Your spell library contained the following spells:

 Spells                   Type           Power      Damage    Failure   Level
 Wereblood                Tmut           7%         N/A       16%         2
 Spider Form              Tmut/Pois      4%         N/A       38%         3
 Ice Form                 Ice/Tmut       4%         N/A       83%         4

Inventory:

Armour
 a - a +0 robe (worn)
Potions
 b - a potion of lignification {!q}
 c - a potion of heal wounds {unknown}
 d - a potion of mutation {unknown}

Dungeon Overview and Level Annotations

Branches:
Dungeon (1/15) Zot: 5868

## .# .# ## .# .##
.# ..## .# ...###
##########K#
.....###........@.#
.###..........[.r##
.# #........####.#
.###.###.##.# #.#
.....# #.##.# #..
.##### #.##.# ##..
## #.##.. ...
#.#### .### #.# >#


You could see a quokka and a kobold.


Message History

Your hp is fully restored (15).
Your mp is fully restored (5).
No target in view!
No target in view!
Unknown command.
A rat is nearby!
A rat is nearby!
Casting: Beastly Appendage (safe; 11% risk of failure)
Confirm with . or Enter, or press ? or * to list all spells.
You grow a pair of large bovine horns.
Your feet morph into talons. 😎 MP[-1]
You lost 1 mp, and now have 4/5 mp.
There is an escape hatch in the floor here.
You hit the rat.
You kill the rat!
A hobgoblin comes into view.
The hobgoblin shouts!
Your transformation is almost over.
The hobgoblin hits you. 😕 HP[-1]
You take 1 damage, and now have 14/15 hp.
A hobgoblin is nearby!
You hit the hobgoblin. Your kick misses the hobgoblin.
The hobgoblin barely misses you.
You barely miss the hobgoblin.
The hobgoblin hits you but does no damage. 😎 HP[+1]
Your hp is fully restored (15).
A hobgoblin is nearby!
You hit the hobgoblin.
You kill the hobgoblin!
No target in view!
Your horns disappear.
Your talons disappear.
A rat comes into view.
You hit the rat. The rat bites you. 😕 HP[-2] MP[+1]
You take 2 damage, and now have 13/15 hp.
Your mp is fully restored (5).
A rat is nearby!
Unknown command.
A rat is nearby!
Casting: Beastly Appendage (safe; 11% risk of failure)
Confirm with . or Enter, or press ? or * to list all spells.
You grow a pair of large bovine horns.
Your feet morph into talons.
The rat barely misses you. The rat misses you. 😕 MP[-1]
You lost 1 mp, and now have 4/5 mp.
You closely miss the rat. Your kick misses the rat.
Your headbutt misses the rat. The rat bites you.
You hit the rat.
You kill the rat! 😕 HP[-1]
You take 1 damage, and now have 12/15 hp.
Your transformation is almost over.
Your horns disappear.
Your talons disappear.
A quokka comes into view. 😎 HP[+3] MP[+1]
Your hp is fully restored (15).
Your mp is fully restored (5).
A quokka is nearby!
A quokka is nearby!
A quokka is nearby!
A kobold comes into view. It is wielding a +0 whip.
Found a stone staircase leading down.
The kobold shouts!
The kobold closely misses you.
Casting: Beastly Appendage (safe; 10% risk of failure)
Confirm with . or Enter, or press ? or * to list all spells.
You grow a pair of large bovine horns.
Your feet morph into talons.
The kobold closely misses you. The kobold barely misses you. 😎 MP[-1]
You lost 1 mp, and now have 4/5 mp.
You miss the kobold. Your kick misses the kobold.
Your transformation is almost over.
The kobold hits you with a +0 whip.
You barely miss the kobold. Your kick misses the kobold.
Your headbutt misses the kobold. The kobold barely misses you. 😕 HP[-2]
You take 2 damage, and now have 13/15 hp.
There are monsters nearby!
You hit the quokka. Your kick misses the quokka.
The kobold hits you with a +0 whip. The quokka barely misses you.
You are too injured to fight recklessly! 😮 HP[-4]
You take 4 damage, and now have 9/15 hp.
MASSIVE DAMAGE!! (PAUSE)
You hit the kobold but do no damage. You claw the kobold, but do no damage.
The kobold hits you with a +0 whip. The quokka misses you. 😮 HP[-1]
You take 1 damage, and now have 8/15 hp.
You closely miss the kobold. Your headbutt misses the kobold.
The kobold hits you but does no damage. The quokka bites you.
* * * LOW HITPOINT WARNING * * *
😱 HP[-5]
You take 5 damage, and now have 3/15 hp.
MASSIVE DAMAGE!! (PAUSE)
You completely miss the kobold. Your kick misses the kobold.
The quokka twitches its whiskers.
The quokka barely misses you. The kobold hits you with a +0 whip.
You die...

Action                     || total
---------------------------++-------
  Melee: Unarmed           ||    21
         Kick              ||     2
         Headbutt          ||     1
   Cast: Beastly Appendage ||     4
 Armour: Robe              ||     4
  Dodge: Dodged            ||    13

Levels and vault maps discovered:
D:1:      roderic_chinese_lattice_arrival, layout_loops_ring, minmay_distorted

Notes
Turn   | Place    | Note
-------+----------+-------------------------------------------
     0 | D:1      | kae the Demigod Transmuter began the quest for the Orb.
     0 | D:1      | Reached XP level 1. HP: 15/15 MP: 5/5
     0 | D:1      | magus.rc [v1.11.3]
   131 | D:1      | HP: 3/15 [quokka (5)]
   132 | D:1      | Slain by a kobold

Vanquished Creatures
  A giant cockroach (D:1)
  A hobgoblin (D:1)
  2 rats (D:1)
4 creatures vanquished.

Table legend:
 A = Non-vault XP
 B = Vault XP
 C = Vault XP percentage of total XP
 D = Non-vault monster count
 E = Vault monster count
 F = Vault count percentage of total count
                 A         B        C        D         E       F
            +---------+---------+-------+---------+---------+-------
      Total |       6 |       0 |   0.0 |       4 |       0 |   0.0
            +---------+---------+-------+---------+---------+-------
        D:1 |       6 |       0 |   0.0 |       4 |       0 |   0.0
            +---------+---------+-------+---------+---------+-------

Action                     || total
---------------------------++-------
  Melee: Unarmed           ||    21
         Kick              ||     2
         Headbutt          ||     1
   Cast: Beastly Appendage ||     4
 Armour: Robe              ||     4
  Dodge: Dodged            ||    13

Illustrated notes

Table legend:
 A = Kills in this place as a percentage of kills in the entire game.
 B = Kills by you in this place as a percentage of kills by you in the entire game.
 C = Kills by friends in this place as a percentage of kills by friends in the entire game.
 D = Other kills in this place as a percentage of other kills in the entire game.
 E = Experience gained in this place as a percentage of experience gained in the entire game.
 F = Experience gained in this place divided by the number of levels of this place that you have seen.
                   A       B       C       D       E      F
               +-------+-------+-------+-------+-------+----------------------
         Total | 100.0 | 100.0 |   N/A |   N/A | 100.0 |   6.0
       Dungeon | 100.0 | 100.0 |   N/A |   N/A | 100.0 |   6.0
               +-------+-------+-------+-------+-------+----------------------

Table legend: (Time is in decaauts)
 A = Elapsed time spent in this place.
 B = Non-inter-level travel time spent in this place.
 C = Inter-level travel time spent in this place.
 D = Time resting spent in this place.
 E = Time spent auto-exploring this place.
 F = Levels seen in this place.
 G = Mean time per level.
                   A        B        C        D        E       F      G
               +--------+--------+--------+--------+--------+-----+--------+
         Total |    130 |    130 |      0 |      0 |     88 |   1 |  130.0 |
       Dungeon |    130 |    130 |      0 |      0 |     88 |   1 |  130.0 |
               +--------+--------+--------+--------+--------+-----+--------+

Top non-repeatable levels by time:
     D:1: 130 daAuts
